 Dungeon Crawl Stone Soup version 0.29-a0-330-g52719c12eb (webtiles) character file.

Game seed: 15049755895679550728

8124 kae the Arsonist (level 10, -4/69 HPs)
             Began as a Demigod Fire Elementalist on Apr 28, 2022.
             Slain by a two-headed ogre
             ... wielding a +0 giant club
              (22 damage)
             ... on level 9 of the Dungeon.
             The game lasted 00:08:23 (10770 turns).

kae the Arsonist (Demigod Fire Elementalist)       Turns: 10770, Time: 00:08:23

Health: -4/69      AC: 13    Str:  9    XL:     10   Next: 77%
Magic:  15/26      EV: 11    Int: 29    God:
Gold:   458        SH:  3    Dex: 14    Spells: 10/26 levels left

rFire   + . .      SeeInvis .   D - +3 falchion of Ageing Exquisite Death {vorpal, Fragile rC++ rN+ Will+}
rCold   + + +      Faith    .   l - +0 buckler
rNeg    + . .      Spirit   .   O - +0 steam dragon scales
rPois   .          Reflect  .   s - +0 helmet
rElec   .          Harm     .   L - scarf {rC+ rF+}
rCorr   +          Rampage  .   h - +0 pair of gloves
Will    ++...                   K - +1 pair of boots
Stlth   ++........              j - amulet of regeneration
HPRegen 1.01/turn               q - +4 ring of protection
MPRegen 0.20/turn               u - ring of resist corrosion

@: no status effects
A: high MP 1, forlorn, divine attributes
a: no special abilities


You were on level 9 of the Dungeon.
You visited 1 branch of the dungeon, and saw 9 of its levels.
You also visited: Bailey.

You collected 562 gold pieces.
You spent 104 gold pieces at shops.

Inventory:

Hand Weapons
 c - a +0 whip
 i - a +2 dagger of flaming
 D - the +3 falchion of Ageing Exquisite Death (weapon) {vorpal, Fragile rC++ rN+ Will+}
   (You took it off a spriggan in a bailey)

   It inflicts extra damage upon your enemies.
   rC:        It greatly protects you from cold.
   rN:        It protects you from negative energy.
   Fragile:   It will be destroyed if unequipped.
   Will:      It increases your willpower.
Missiles
 o - 2 throwing nets
Armour
 a - a +0 robe
 h - a +0 pair of gloves (worn)
 l - a +0 buckler (worn)
 s - a +0 helmet (worn)
 K - a +1 pair of boots (worn)
 L - a scarf of resistance (worn)
 O - +0 steam dragon scales (worn)
Jewellery
 j - an amulet of regeneration (around neck)
 m - a ring of fire
 q - a +4 ring of protection (left hand)
 u - a ring of resist corrosion (right hand)
Wands
 f - a wand of paralysis (15)
 y - a wand of polymorph (17)
 B - a wand of charming (10)
Scrolls
 d - 4 scrolls of teleportation
 g - 7 scrolls of magic mapping
 r - 2 scrolls of brand weapon
 x - 2 scrolls of enchant weapon
 F - a scroll of summoning
 J - 2 scrolls of amnesia
Potions
 b - 3 potions of magic
 e - a potion of mutation
 k - a potion of invisibility
 n - 2 potions of curing
 p - a potion of heal wounds
 t - a potion of ambrosia
 v - a potion of brilliance
 w - 3 potions of lignification
 z - 2 potions of might
 A - 3 potions of flight
 C - a potion of resistance
 E - 2 potions of haste
 G - a potion of cancellation {unknown}
 H - 2 potions of berserk rage {unknown}
 M - 2 potions of degeneration {unknown}


   Skills:
 - Level 1.7 Dodging
 - Level 1.7 Stealth
 + Level 8.6 Spellcasting
 + Level 9.2 Conjurations
 + Level 9.6 Fire Magic


You had 10 spell levels left.
You knew the following spells:

 Your Spells              Type           Power      Damage    Failure   Level
a - Foxfire               Conj/Fire      100%       2x1d9     1%          1
b - Scorch                Fire           100%       2d10      1%          2
c - Conjure Flame         Conj/Fire      61%        6-21      1%          3
d - Inner Flame           Hex/Fire       40%        N/A       2%          3
e - Flame Wave            Conj/Fire      61%        2d12      1%          4
f - Swiftness             Air            12%        N/A       19%         3

Your spell library contained the following spells:

 Spells                   Type           Power      Damage    Failure   Level
 Magic Dart               Conj           100%       1d8       1%          1
 Shock                    Conj/Air       100%       1d9       1%          1
 Mephitic Cloud           Conj/Pois/Air  30%        N/A       4%          3
 Call Imp                 Summ           12%        N/A       9%          2
 Summon Guardian Golem    Hex/Summ       12%        N/A       19%         3
 Airstrike                Air            6%         N/A       52%         4
 Leda's Liquefaction      Hex/Erth       6%         N/A       52%         4
 Orb of Destruction       Conj           30%        9d10      75%         7
 Lee's Rapid Deconstruct  Erth           6%         3d7*      86%         5
 Statue Form              Tmut/Erth      8%         N/A       100%        6
 Spellforged Servitor     Conj/Summ      19%        N/A       100%        7


Dungeon Overview and Level Annotations

Branches:
Dungeon (9/15)             Temple (0/1) D:6          Bailey (visited)
   Lair: D:8-11         Orc: D:9-12

Shops:
D:3 ?   D:5 [   D:6 [


Innate Abilities, Weirdness & Mutations

You have an increased reservoir of magic. (+10% MP)
You shall have no god before yourself.
Your divine heritage dramatically boosts your attributes as you level up.


Message History

The steam dragon bites you but does no damage.
The steam dragon closely misses you.
A two-headed ogre comes into view.
It is wielding a +0 giant club and a +0 giant spiked club.
Casting: Scorch (safe; 1% risk of failure)
Confirm with . or Enter, or press ? or * to list all spells.
Flames lash the steam dragon.
The steam dragon is burned terribly!
You kill the steam dragon!
The steam dragon scales are intact enough to wear.
Casting: Scorch (safe; 1% risk of failure)
Confirm with . or Enter, or press ? or * to list all spells.
You can't see any susceptible monsters within range! (Use Z to cast anyway.)
Casting: Scorch (safe; 1% risk of failure)
Confirm with . or Enter, or press ? or * to list all spells.
You conjure some foxfire!
The foxfire hits the two-headed ogre but does no damage.
The foxfire hits the two-headed ogre.
The two-headed ogre is lightly wounded.
Casting: Foxfire (safe; 1% risk of failure)
Confirm with . or Enter, or press ? or * to list all spells.
Flames lash the two-headed ogre.
The two-headed ogre is moderately wounded.
The two-headed ogre's fire resistance burns away.
Casting: Scorch (safe; 1% risk of failure)
Confirm with . or Enter, or press ? or * to list all spells.
You conjure some foxfire!
The two-headed ogre hits you with a +0 giant club!
The two-headed ogre hits you with a +0 giant spiked club!
The foxfire hits the two-headed ogre!
The two-headed ogre is burned terribly!
The two-headed ogre is moderately wounded.
The foxfire hits the two-headed ogre!
The two-headed ogre is burned terribly!
The two-headed ogre is heavily wounded.
You block the two-headed ogre's attack.
The two-headed ogre hits you with a +0 giant spiked club!!
* * * LOW HITPOINT WARNING * * *
Casting: Foxfire (safe; 1% risk of failure)
Confirm with . or Enter, or press ? or * to list all spells.
Flames lash the two-headed ogre.
The two-headed ogre is burned terribly!
The two-headed ogre is almost dead.
The two-headed ogre hits you with a +0 giant club!!
You die...

....#'####....#.......
....#.........#.........
....+.........#.........
....#.......§.#.........
....#...##..§§#........
....#...##...§#......#
...†#.........#...)..#
...†'†........'.O....#
...†#.........#.@....#
....###########......#
............ ........#
.....................#
.....................#
.....................#
.....................#
....#+###............#
....# ###


You could see a two-headed ogre (combustible).

Vanquished Creatures
  2 two-headed ogres
  Pikel (D:9)
  A hornet (D:7)
  3 slime creatures (D:8)
  5 spriggans (Bailey)
  9 yaks (D:9)
  2 steam dragons
  Menkaure (D:4)
  An acid dragon (Bailey)
  A water moccasin (D:6)
  An ice beast (D:6)
  A black bear (D:4)
  2 sky beasts
  10 ogres
  3 centaurs
  A kobold brigand (D:6)
  3 bullfrogs
  A gnoll sergeant (D:8)
  3 scorpions
  A necrophage (D:6)
  5 killer bees (D:9)
  2 electric eels (D:7)
  4 hounds
  4 jellies
  3 orc priests
  2 iguanas
  2 orc wizards
  Natasha (thrice) (D:2)
  Robin (D:1)
  11 adders
  7 gnolls
  A shadow imp (D:6)
  4 white imps
  A worm (D:2)
  A dart slug (D:1)
  15 orcs
  4 bats
  10 endoplasms
  2 giant cockroaches
  12 hobgoblins
  6 jackals (D:1)
  3 quokkas
  14 ball pythons
  2 frilled lizards (D:1)
  16 goblins
  11 kobolds
  4 rats
202 creatures vanquished.

Vanquished Creatures (collateral kills)
  A foxfire (D:4)
1 creature vanquished.

Vanquished Creatures (others)
  2 orc wizards
  541 foxfires
543 creatures vanquished.

Grand Total: 746 creatures vanquished

Notes
Turn   | Place    | Note
-------+----------+-------------------------------------------
     0 | D:1      | kae the Demigod Fire Elementalist began the quest for the
                  | Orb.
     0 | D:1      | Reached XP level 1. HP: 14/14 MP: 5/5
    22 | D:1      | Reached skill level 1 in Conjurations
   311 | D:1      | Reached XP level 2. HP: 20/20 MP: 2/7
   322 | D:1      | Learned a level 2 spell: Scorch
   915 | D:1      | Reached XP level 3. HP: 23/26 MP: 7/9
  1201 | D:2      | Noticed Natasha
  1207 | D:2      | Killed Natasha
  1288 | D:2      | Noticed Natasha
  1482 | D:2      | Killed Natasha
  1483 | D:2      | Reached XP level 4. HP: 22/33 MP: 5/10
  1489 | D:2      | Noticed Natasha
  1744 | D:2      | Killed Natasha
  1862 | D:1      | Reached XP level 5. HP: 32/38 MP: 7/12
  2060 | D:2      | Noticed Robin
  2288 | D:1      | Killed Robin
  2406 | D:2      | Identified the +1 ring mail of Gallantry {Regen+}
  2696 | D:2      | Learned a level 3 spell: Conjure Flame
  2706 | D:2      | Learned a level 3 spell: Inner Flame
  3733 | D:3      | Found Elly's Magic Scroll Boutique.
  3738 | D:3      | Bought a scroll of teleportation for 33 gold pieces
  3738 | D:3      | Bought a scroll of magic mapping for 38 gold pieces
  3738 | D:3      | Bought a scroll of teleportation for 33 gold pieces
  3869 | D:4      | Noticed an ogre
  3878 | D:4      | Killed an ogre
  3879 | D:4      | Reached XP level 6. HP: 45/45 MP: 4/14
  4070 | D:4      | Noticed Menkaure
  4081 | D:4      | Killed Menkaure
  4266 | D:4      | Reached XP level 7. HP: 50/50 MP: 14/16
  4823 | D:5      | Entered Level 5 of the Dungeon
  4876 | D:5      | Reached skill level 5 in Fire Magic
  5422 | D:5      | Found Xuupte's Armour Boutique.
  5827 | D:6      | Reached skill level 5 in Conjurations
  5831 | D:6      | Reached skill level 5 in Spellcasting
  5880 | D:6      | Reached XP level 8. HP: 57/57 MP: 8/19
  5961 | D:6      | Found Mafroqa's Antique Armour Shoppe.
  6679 | D:6      | Found a staircase to the Ecumenical Temple.
  7303 | D:7      | Found a flagged portal.
  7369 | Bailey   | Entered a bailey
  7399 | Bailey   | Reached XP level 9. HP: 62/62 MP: 17/22
  7791 | Bailey   | Identified the +3 falchion of Ageing Exquisite Death
                  | {vorpal, Fragile rC++ rN+ Will+}
  7881 | Bailey   | Noticed a two-headed ogre
  7915 | Bailey   | Killed a two-headed ogre
  8286 | D:7      | Learned a level 4 spell: Flame Wave
  8290 | D:7      | Learned a level 3 spell: Swiftness
  9611 | D:8      | Reached XP level 10. HP: 69/69 MP: 14/25
 10497 | D:9      | Noticed Pikel
 10511 | D:9      | Killed Pikel
 10606 | D:9      | Noticed a two-headed ogre
 10638 | D:9      | Killed a two-headed ogre
 10760 | D:9      | Noticed a two-headed ogre
 10770 | D:9      | Slain by a two-headed ogre

Illustrated notes

Levels and vault maps discovered:
D:1:      lightli_arrival_flooded_house, layout_basic,
          nicolae_ecumenical_snake_handling
D:2:      layout_rooms, kennysheep_generic_room_13, uniq_natasha, uniq_robin
D:3:      layout_basic, serial_shops, nicolae_shop_hallway_plus,
          mrwooster_statue_mirror
D:4:      layout_basic, nicolae_hepliaklqana_hazy_memory, uniq_menkaure
D:5:      layout_basic, serial_shops, shop_statue, serial_rivers,
          chequers_serial_rivers_micro_c, chequers_serial_rivers_marsh,
          chequers_serial_rivers_marsh, chequers_serial_rivers_small_3,
          chequers_serial_rivers_marsh, chequers_serial_rivers_small_3
D:6:      minmay_razor_zed, layout_rooms, cheibriados_altar_1,
          minmay_temple_entry_proselytizer, serial_shops,
          nicolae_shop_advertising_works [nicolae_subvault_shop_adworks]
D:7:      layout_gridville, enter_bailey_5, water_maze_lemuel
D:8:      layout_basic, nicolae_uskayaw_dance_hall, minitemple
D:9:      layout_gridville, uniq_maurice, uniq_pikel

Skill      XL: |  1  2  3  4  5  6  7  8  9 10 |
---------------+-------------------------------+-----
Conjurations   | 1 2 3 4 5 6 8 9 |  9.2
Spellcasting   | 2 3 4 5 6 7 8 |  8.6
Fire Magic     | 3 4 5 7 8 9 |  9.6
Dodging        | |  1.7
Stealth        | |  1.7

Action                   |  1- 3 |  4- 6 |  7- 9 | 10-12 || total
-------------------------+-------+-------+-------+-------++-------
Melee: Whip              |    11 |       |       |       ||    11
       Dagger            |       |       |     1 |       ||     1
       Falchion          |       |       |       |    19 ||    19
 Cast: Foxfire           |    64 |    74 |   147 |    36 ||   321
       Scorch            |     2 |    44 |    75 |    25 ||   146
       Conjure Flame     |       |       |     4 |     4 ||     8
       Flame Wave        |       |       |       |     3 ||     3
       Inner Flame       |       |       |       |     2 ||     2
  Use: Scroll            |       |     4 |    12 |     3 ||    19
Armor: Robe              |     2 |    18 |    51 |     2 ||    73
       Steam dragon scal |       |       |       |    23 ||    23
Dodge: Dodged            |    25 |    45 |    67 |    32 ||   169
Block: Buckler           |       |    12 |    18 |    11 ||    41

Table legend: (Time is in decaauts)
 A = Elapsed time spent in this place.
 B = Non-inter-level travel time spent in this place.
 C = Inter-level travel time spent in this place.
 D = Time resting spent in this place.
 E = Time spent auto-exploring this place.
 F = Levels seen in this place.
 G = Mean time per level.
                   A        B        C        D        E       F      G
               +--------+--------+--------+--------+--------+-----+--------+
         Total |  10831 |  10422 |    409 |   2176 |   6583 |  10 | 1083.1 |
       Dungeon |  10049 |   9640 |    409 |   1832 |   6355 |   9 | 1116.6 |
        Bailey |    781 |    781 |      0 |    344 |    227 |   1 |  781.0 |
               +--------+--------+--------+--------+--------+-----+--------+

Top non-repeatable levels by time:
     D:1: 1999 daAuts
     D:6: 1497 daAuts
     D:7: 1445 daAuts
     D:3: 1020 daAuts
     D:5: 996 daAuts
     D:4: 955 daAuts
     D:2: 867 daAuts
  Bailey: 781 daAuts
     D:8: 758 daAuts
     D:9: 508 daAuts
